 Dungeon Crawl Stone Soup version 0.19-a0-721-gd1b5c2a (webtiles) character file.

80 TheGoonsmith the Firebug (level 4, 0/27 HPs)
             Began as an Octopode Fire Elementalist on June 21, 2016.
             Was an Initiate of Vehumet.
             Slain by a gnoll
             ... wielding a +0 halberd
              (18 damage)
             ... on level 3 of the Dungeon.
             The game lasted 00:03:35 (2371 turns).

TheGoonsmith the Firebug (OpFE)                     Turns: 2371, Time: 00:03:35

Health: 0/27       AC:  1    Str:  7    XL:     4   Next: 39%
Magic:  3/7        EV: 12    Int: 18    God:    Vehumet [......]
Gold:   213        SH:  0    Dex: 12    Spells: 3 memorised, 0 levels left

rFire  . . .     SeeInvis .     h - +0 short sword
rCold  . . .     Gourm    +     (no shield)
rNeg   . . .     Faith    .     (helmet restricted)
rPois  .         Spirit   .     c - amulet of the gourmand
rElec  .         Dismiss  .     (no ring)
rCorr  .         Reflect  .     (no ring)
SustAt .         Harm     .     (no ring)
MR     .....                    (no ring)
Stlth  +++.......               (no ring)
                                (no ring)
                                (no ring)
                                (no ring)

@: very slightly contaminated, not resistant to hostile enchantments, fairly
stealthy
A: almost no armour, amphibious, 8 rings, constrict 8, camouflage 1, gelatinous
body 1
a: Renounce Religion


You were on level 3 of the Dungeon.
You worshipped Vehumet.
Vehumet was noncommittal.
You were not hungry.

You visited 1 branch of the dungeon, and saw 3 of its levels.

You collected 213 gold pieces.

Inventory:

Hand Weapons
 h - a +0 short sword (weapon)
Jewellery
 c - an amulet of the gourmand (around mantle)
Scrolls
 e - a scroll of random uselessness {unknown}
 g - a scroll of remove curse {unknown}
 i - 2 scrolls of identify {unknown}
 l - a scroll of amnesia {unknown}
 o - a scroll of immolation {unknown}
Potions
 d - 2 potions of curing {unknown}
 j - a potion of beneficial mutation {unknown}
 m - a potion of lignification {unknown}
 n - a potion of cure mutation {unknown}
 p - a potion of magic {unknown}
Books
 a - a book of Flames

   Spells                             Type                      Level
   a - Flame Tongue                   Conjuration/Fire             1
   b - Throw Flame                    Conjuration/Fire             2
   c - Conjure Flame                  Conjuration/Fire             3
   d - Inner Flame                    Hexes/Fire                   3
   e - Sticky Flame                   Conjuration/Fire             4
   f - Fireball                       Conjuration/Fire             5
Comestibles
 b - a bread ration
 f - a beef jerky
 k - a meat ration


   Skills:
 - Level 2.0 Dodging
 - Level 2.6 Stealth
 + Level 2.5 Spellcasting
 * Level 3.2 Conjurations
 + Level 3.4 Fire Magic


You couldn't memorise any spells.
You knew the following spells:

 Your Spells              Type           Power        Failure   Level  Hunger
a - Flame Tongue          Conj/Fire      ##...        6%          1    #......
c - Conjure Flame         Conj/Fire      ##......     17%         3    ###....
s - Sticky Flame          Conj/Fire      ##......     54%         4    #####..


Dungeon Overview and Level Annotations

Branches:
Dungeon (3/15)

Altars:
Nemelex Xobeh
Vehumet


Innate Abilities, Weirdness & Mutations

You cannot wear most types of armour.
You are amphibious.
You can wear up to eight rings at the same time.
You can use your tentacles to constrict eight enemies at once.
Your skin changes colour to match your surroundings (Stealth+).
Your rubbery body absorbs attacks. (AC +1)


Message History

Casting: Flame Tongue
Confirm with . or Enter, or press ? or * to list all spells.
Aiming: Flame Tongue
Press: ? - help, Shift-Dir - straight line, f - gnoll
Aim: a gnoll, wielding a spear The flame tongue hits the gnoll.
The gnoll is almost dead.
The gnoll shouts! x2
Casting: Flame Tongue
Confirm with . or Enter, or press ? or * to list all spells.
Aiming: Flame Tongue
Press: ? - help, Shift-Dir - straight line, f/p - gnoll
Aim: a gnoll, wielding a spear (almost dead)
You miscast Flame Tongue.
You are very lightly contaminated with residual magic.
Nothing appears to happen.
The gnoll hits you from afar with a spear!
The gnoll hits you from afar with a halberd!!
Ouch! That really hurt!
You die...

# ##.....##
#........# ##...##
#.##.###.# ##'#
#.##.###.# #.
#.##..##.# #
#####.###.##.# ##.
.....# #.##.# ...
#..###.##.# . ..
###.........#
#...#.##.@......####
......gg.#.######
##.##g####.# # #.#
..# ###


You could see 3 gnolls.

Vanquished Creatures
  An adder (D:3)
  3 worms (D:2)
  6 dart slugs
  2 giant geckos
  An orc (D:3)
  3 giant cockroaches
  4 goblins
  7 hobgoblins (D:1)
  7 kobolds
  A quokka (D:3)
  A ball python (D:2)
  4 bats
  A giant newt (D:1)
  7 rats
48 creatures vanquished.

Notes
Turn   | Place    | Note
--------------------------------------------------------------
     0 | D:1      | TheGoonsmith the Octopode Fire Elementalist began the quest for the Orb.
     0 | D:1      | Reached XP level 1. HP: 11/11 MP: 3/3
   159 | D:1      | Reached XP level 2. HP: 17/17 MP: 1/5
   707 | D:1      | Reached XP level 3. HP: 21/21 MP: 3/6
  1402 | D:2      | Found a sparkling altar of Nemelex Xobeh.
  1614 | D:2      | Found a radiant altar of Vehumet.
  1640 | D:2      | Became a worshipper of Vehumet
  1966 | D:2      | Reached XP level 4. HP: 27/27 MP: 0/7
  2295 | D:3      | Learned a level 3 spell: Conjure Flame
  2300 | D:3      | Learned a level 4 spell: Sticky Flame
  2371 | D:3      | Slain by a gnoll

Vault maps used:
D:1:      scummos_arrival_simple_fountains, moated_statue
D:2:      fiery_altar_vehumet, glass_columns_a,
          nemelex_xobeh_ov_fountains_minmay
D:3:      fedhas_altar_fruit_tree, first_bread, uniq_crazy_yiuf_cottage,
          uniq_sigmund

Skill      XL: |  1  2  3 |
---------------+----------+-----
Conjurations   | 2 3 |  3.2
Dodging        | |  2.0
Stealth        | |  2.6
Spellcasting   | |  2.5
Fire Magic     | |  3.4

Action                   |  1- 3 |  4- 6 || total
-------------------------+-------+-------++-------
Melee: Unarmed           |    11 |       ||    11
       Constrict         |     1 |       ||     1
       Tentacles         |     1 |       ||     1
 Cast: Flame Tongue      |    73 |    21 ||    94
  Eat: Chunk             |     5 |     1 ||     6
Armor: Skin              |     1 |       ||     1
Dodge: Dodged            |    15 |     6 ||    21
